 Dungeon Sprint DCSS version 0.29-a0-824-gd827844252 (webtiles) character file.

Game seed: 9248342363249542554

14062 mhtbhm the Bludgeoner (level 12, -25/91 HPs)
             Began as a Gargoyle Fighter on July 10, 2022.
             Was a High Priest of Trog.
             Killed from afar by a hell hog (35 damage)
             ... with a fireball
             ... in the Dungeon (Sprint VII: "The Pits").
             The game lasted 00:06:05 (2492 turns).

mhtbhm the Bludgeoner (Gargoyle Fighter)            Turns: 2492, Time: 00:06:07

Health: -25/91     AC: 28    Str: 31    XL:     12   Next: 12%
Magic:  12/12      EV: 13    Int:  9    God:    Trog [*****.]
Gold:   0          SH:  7    Dex: 13    Spells: 11/11 levels left

rFire   . . .      SeeInvis .   a - +13 demon whip of Irritation {vorpal, Dex+4}
rCold   . . .      Faith    .   c - +0 buckler
rNeg    + + .      Spirit   .   b - +0 pearl dragon scales
rPois   ∞          Reflect  .   r - +0 helmet
rElec   +          Harm     .   (no cloak)
rCorr   .          Rampage  .   s - +0 pair of gloves
Will    .....      NoTele   +   (no boots)
Stlth   +.........              (no amulet)
HPRegen 0.25/turn               o - +3 ring of strength
MPRegen 0.13/turn               p - +3 ring of strength

@: on berserk cooldown, slowed, invisible, very slow
A: sickness immunity, AC +8, negative energy resistance 1, electricity
resistance, torment resistance 1, petrification resistance
a: Renounce Religion, Berserk, Trog's Hand, Brothers in Arms


You were in the Dungeon.
You worshipped Trog.
Trog was extremely pleased with you.
You visited 1 branch

Inventory:

Hand Weapons
 a - the +13 demon whip of Irritation (weapon) {vorpal, Dex+4}
   (Trog gifted it to you in the Dungeon)

   It inflicts extra damage upon your enemies.
   Dex:       It affects your dexterity (+4).
Missiles
 m - a curare-tipped dart (quivered)
Armour
 b - +0 pearl dragon scales (worn)
 c - a +0 buckler (worn)
 r - a +0 helmet (worn)
 s - a +0 pair of gloves (worn)
Jewellery
 o - a +3 ring of strength (left hand)
 p - a +3 ring of strength (right hand)
Wands
 n - a wand of digging (7)
Potions
 f - 5 potions of curing
 g - a potion of haste
 h - 4 potions of magic
 i - 4 potions of berserk rage
 q - 4 potions of mutation


   Skills:
 + Level 17.3 Fighting
 + Level 17.6 Maces & Flails
 + Level 13.7 Armour
 + Level 7.6 Dodging
 + Level 3.1 Stealth
 + Level 13.1 Shields


You had 11 spell levels left.
You didn't know any spells.
Your spell library was empty.

Dungeon Overview and Level Annotations

Branches:
Dungeon (1/1)

Altars:
Cheibriados
Dithmenos
Elyvilon
Fedhas
Gozag
Hepliaklqana
Makhleb
Nemelex Xobeh
Okawaru
Qazlal
Ru
Sif Muna
Trog
Vehumet
Wu Jian
Xom
Yredelemnul
Zin
The Shining One
Jiyva
Lugonu


Innate Abilities, Weirdness & Mutations

You are immune to sickness and miasma.
Your stone body is resilient. (AC +8)
You are immune to poison.
You resist negative energy. (rN+)
You are resistant to electric shocks. (rElec)
You are resistant to unholy torment.
You are immune to petrification.


Message History

Unknown command.
Unknown command.
Unknown command.
Unknown command.
Unknown command.
Unknown command.
Unknown command.
You aren't carrying any scrolls.
Unknown command.
You fade into invisibility!
The deep elf pyromancer casts a spell.
You block the fire elemental's attack. The hell hog bites your troll!
The hell knight hits your troll from afar with a +5 glaive of flaming!!
The hell knight burns your troll!
Your troll barely misses the hell hog.
Your troll claws the hell hog!
Your troll closely misses the hell hog.
The fire elemental barely misses you.
Unknown command.
The hell knight is no longer moving quickly.
The hell hog breathes fire at your troll.
The fireball explodes!
The fireball engulfs your troll!!!
Your troll dies!
Your troll's corpse disappears in a puff of smoke!
The fireball engulfs the hell hog.
The hell hog completely resists.
The fireball engulfs the fire elemental.
The fire elemental completely resists.
The fireball engulfs the hell knight.
The hell knight completely resists.
The hell knight shouts!
Unknown command.
Unknown command.
You closely miss the hell knight.
The hell hog squeals angrily.
The hell knight barely misses you.
Unknown command.
You thrash the hell knight!!
The hell knight is heavily wounded.
The hell hog breathes fire at the hell knight.
The fireball explodes!
The fireball engulfs the hell knight.
The hell knight completely resists.
The fireball engulfs the hell hog.
The hell hog completely resists.
The fireball engulfs you!!
You die...

#####++#### #.........
# #........ .#
+..#....#..#
+..........#
#..........#
#..#.@..#..#
+...ph○....#
+...°E.....#
#..#.p..#..#
#...e......+
#...E......+
###'°####''#
###E'####''###########
#○○○...##.............


You could see 2 hell knights, a hell hog (unable to see you, catching breath), a
deep elf pyromancer (unable to see you) and 3 fire elementals.

Vanquished Creatures
  A pearl dragon (D)
  An electric golem (D)
  A hellephant (D)
  A lich (D)
  An eidolon (D)
  An ice dragon (D)
  Erolcha (D)
  2 hell hogs (D)
  A spriggan druid (D)
  An orc knight (D)
  A cane toad (D)
  An orange demon (D)
  A demonic crawler (D)
  A komodo dragon (D)
  A wind drake (D)
  A tyrant leech (D)
  Grinder (D)
  5 slime creatures (D)
  A tarantella (D)
  A flying skull (D)
  A shadow (D)
  A fire bat (D)
  A warg (D)
  A swamp drake (D)
  An ice beast (D)
  A centaur (D)
  A kobold brigand (D)
  A necrophage (D)
  A scorpion (D)
  An iron imp (D)
  A mummy (D)
  2 gnolls (D)
  A river rat (D)
  A white imp (D)
  5 orcs (D)
  An endoplasm (D)
  2 goblins (D)
  2 bats (D)
  A frilled lizard (D)
  A rat (D)
52 creatures vanquished.

Vanquished Creatures (collateral kills)
  A swamp dragon (D)
1 creature vanquished.

Grand Total: 53 creatures vanquished

Notes
Turn   | Place    | Note
-------+----------+-------------------------------------------
     0 | D        | mhtbhm the Gargoyle Fighter began the quest for the Orb.
     0 | D        | Reached XP level 1. HP: 14/14 MP: 1/1
    13 | D        | Noticed a scorpion
    23 | D        | Killed a scorpion
    24 | D        | Reached skill level 5 in Fighting
    24 | D        | Reached skill level 5 in Armour
    24 | D        | Reached skill level 5 in Shields
    24 | D        | Reached XP level 2. HP: 21/21 MP: 2/2
    24 | D        | Reached XP level 3. HP: 26/26 MP: 3/3
    28 | D        | Found a bloodstained altar of Trog.
    28 | D        | Found a shimmering blue altar of Sif Muna.
    28 | D        | Found a viscous altar of Jiyva.
    28 | D        | Found a hazy altar of Hepliaklqana.
    28 | D        | Found an opulent altar of Gozag.
    29 | D        | Found a glowing golden altar of the Shining One.
    29 | D        | Found a glowing silver altar of Zin.
    29 | D        | Found a basalt altar of Yredelemnul.
    29 | D        | Found a shimmering altar of Xom.
    29 | D        | Found an ornate altar of the Wu Jian Council.
    29 | D        | Found a sacrificial altar of Ru.
    29 | D        | Found a stormy altar of Qazlal.
    29 | D        | Found an iron altar of Okawaru.
    29 | D        | Found a sparkling altar of Nemelex Xobeh.
    29 | D        | Found a burning altar of Makhleb.
    29 | D        | Found a blossoming altar of Fedhas.
    29 | D        | Found a white marble altar of Elyvilon.
    29 | D        | Found a shadowy altar of Dithmenos.
    29 | D        | Found a snail-covered altar of Cheibriados.
    32 | D        | Found a corrupted altar of Lugonu.
    32 | D        | Found a radiant altar of Vehumet.
    33 | D        | Became a worshipper of Trog the Wrathful
    72 | D        | Reached XP level 4. HP: 28/32 MP: 4/4
   115 | D        | Reached * piety under Trog
   121 | D        | Noticed a fire bat
   135 | D        | Reached ** piety under Trog
   152 | D        | Killed a fire bat
   153 | D        | Reached skill level 5 in Maces & Flails
   153 | D        | Reached skill level 1 in Dodging
   153 | D        | Reached XP level 5. HP: 16/38 MP: 5/5
   153 | D        | Reached XP level 6. HP: 18/44 MP: 6/6
   387 | D        | Noticed a flying skull
   389 | D        | Reached *** piety under Trog
   401 | D        | Killed a flying skull
   402 | D        | Reached XP level 7. HP: 47/51 MP: 7/7
   509 | D        | Reached **** piety under Trog
   512 | D        | Noticed a cane toad
   522 | D        | Killed a cane toad
   523 | D        | Reached XP level 8. HP: 13/57 MP: 8/8
   770 | D        | Noticed Grinder
   786 | D        | Killed Grinder
   791 | D        | Reached skill level 10 in Fighting
   794 | D        | Reached skill level 10 in Armour
   797 | D        | Reached ***** piety under Trog
   798 | D        | Reached skill level 10 in Maces & Flails
   951 | D        | Noticed Erolcha
   967 | D        | Killed Erolcha
   968 | D        | Reached skill level 1 in Stealth
   968 | D        | Reached XP level 9. HP: 63/63 MP: 9/9
  1104 | D        | Noticed an orc knight
  1106 | D        | Noticed a tarantella
  1115 | D        | Killed an orc knight
  1116 | D        | Reached skill level 5 in Dodging
  1116 | D        | Reached skill level 10 in Shields
  1116 | D        | Killed a tarantella
  1196 | D        | Noticed an eidolon
  1196 | D        | Noticed a komodo dragon
  1199 | D        | Killed a komodo dragon
  1199 | D        | Reached ****** piety under Trog
  1208 | D        | Killed an eidolon
  1209 | D        | Reached XP level 10. HP: 71/71 MP: 10/10
  1211 | D        | Identified the +13 demon whip of Irritation {vorpal, Dex+4}
                  | (Trog gifted it to you in the Dungeon)
  1211 | D        | Received a gift from Trog
  1303 | D        | Noticed an orange demon
  1309 | D        | Killed an orange demon
  1380 | D        | Received a gift from Trog
  1432 | D        | Noticed a demonic crawler
  1432 | D        | Noticed a spriggan druid
  1442 | D        | Killed a demonic crawler
  1447 | D        | Killed a spriggan druid
  1448 | D        | Reached skill level 15 in Maces & Flails
  1714 | D        | Noticed a pearl dragon
  1722 | D        | Killed a pearl dragon
  1722 | D        | Received a gift from Trog
  1723 | D        | Reached XP level 11. HP: 51/80 MP: 11/11
  1914 | D        | Noticed a lich
  1924 | D        | Killed a lich
  1925 | D        | Reached skill level 15 in Fighting
  1972 | D        | Noticed an electric golem
  1994 | D        | Killed an electric golem
  2190 | D        | Noticed a hellephant
  2358 | D        | Killed a hellephant
  2463 | D        | Noticed a hell hog
  2463 | D        | Noticed a hell hog
  2463 | D        | Noticed a hell hog
  2463 | D        | Noticed a swamp dragon
  2463 | D        | Noticed a deep elf pyromancer
  2463 | D        | Noticed an ice dragon
  2463 | D        | Noticed a hell knight
  2463 | D        | Noticed a hell knight
  2469 | D        | Killed an ice dragon
  2470 | D        | Killed a hell hog
  2471 | D        | Reached XP level 12. HP: 65/91 MP: 12/12
  2474 | D        | Killed a hell hog
  2474 | D        | Received a gift from Trog
  2492 | D        | Killed from afar by a hell hog

Illustrated notes

Levels and vault maps discovered:
D:        pitsprint [storerooms_1, entrance_room_1, metal_vault_7, armoury_3,
          mini_pit_1, grid_room_1, main_hall_1, silver_pit, the_coven_3,
          the_vestibule_1, steel_vault_1, golden_pit, hallway_of_sentries,
          crystal_vault_4, iron_vault_2, final_vault]

Skill      XL: |  1  2  3  4  5  6  7  8  9 10 11 12 |
---------------+-------------------------------------+-----
Fighting       | 5 7 9 10 12 14 17 | 17.3
Maces & Flails | 3 5 7 8 11 13 16 17 | 17.6
Armour         | 5 7 8 9 10 11 12 13 | 13.7
Shields        | 5 7 8 9 10 12 13 | 13.1
Dodging        | 1 2 3 4 5 6 7 |  7.6
Stealth        | 1 2 3 |  3.1

Action                   |  1- 3 |  4- 6 |  7- 9 | 10-12 || total
-------------------------+-------+-------+-------+-------++-------
Melee: Flail             |     9 |       |       |       ||     9
       Mace              |     3 |    69 |    51 |       ||   123
       Morningstar       |       |       |    27 |     3 ||    30
       Demon whip        |       |       |       |    98 ||    98
Invok: Trog's Hand       |       |     1 |       |       ||     1
       Berserk           |       |     1 |     5 |     6 ||    12
       Brothers in Arms  |       |       |       |     3 ||     3
  Use: Potion            |       |     4 |     2 |    10 ||    16
       Scroll            |       |       |       |     2 ||     2
Armor: Scale mail        |    10 |    62 |    41 |    16 ||   129
       Pearl dragon scal |       |       |       |    20 ||    20
Dodge: Dodged            |     5 |    38 |    33 |    32 ||   108
Block: Buckler           |     2 |    22 |    23 |    19 ||    66

Table legend: (Time is in decaauts)
 A = Elapsed time spent in this place.
 B = Non-inter-level travel time spent in this place.
 C = Inter-level travel time spent in this place.
 D = Time resting spent in this place.
 E = Time spent auto-exploring this place.
 F = Levels seen in this place.
 G = Mean time per level.
                   A        B        C        D        E       F      G
               +--------+--------+--------+--------+--------+-----+--------+
         Total |   2570 |   2570 |      0 |   1617 |    153 |   1 | 2570.0 |
       Dungeon |   2570 |   2570 |      0 |   1617 |    153 |   1 | 2570.0 |
               +--------+--------+--------+--------+--------+-----+--------+

Top non-repeatable levels by time:
       D: 2570 daAuts
